 Dungeon Crawl Stone Soup version 0.28.0-53-g5a82cb258f (webtiles) character file.

Game seed: 8865565569293060268

174 dranuc9 the Conjurer (level 5, -5/28 HPs)
             Began as a Deep Elf Conjurer on June 26, 2022.
             Killed by divine providence
             ... invoked by an orc priest
              (9 damage)
             ... on level 4 of the Dungeon.
             The game lasted 00:27:40 (4449 turns).

dranuc9 the Conjurer (Deep Elf Conjurer)            Turns: 4449, Time: 00:27:40

Health: -5/28      AC:  5    Str:  4    XL:     5   Next: 28%
Magic:  13/13      EV: 13    Int: 25    God:
Gold:   94         SH:  0    Dex: 19    Spells: 9/12 levels left

rFire   . . .      SeeInvis .   q - +4 quarterstaff (chaos)
rCold   . . .      Faith    .   (shield currently unavailable)
rNeg    . . .      Spirit   .   a - +0 robe
rPois   .          Reflect  .   (no helmet)
rElec   .          Harm     .   j - +1 cloak
rCorr   .          Rampage  .   r - +0 pair of gloves {infuse}
Will    .....                   (no boots)
Stlth   +++.......              (no amulet)
HPRegen 0.09/turn               l - +6 ring of dexterity
MPRegen 0.13/turn               (no ring)

@: no status effects
A: no striking features
a: no special abilities


You were on level 4 of the Dungeon.
You visited 1 branch of the dungeon, and saw 4 of its levels.

You collected 94 gold pieces.

Inventory:

Hand Weapons
 k - a +0 hunting sling
 m - a +0 dagger of electrocution
 q - a +4 quarterstaff of chaos (weapon)
Missiles
 e - 38 arrows
 i - 2 poisoned darts (quivered)
 n - 6 datura-tipped darts
Armour
 a - a +0 robe (worn)
 j - a +1 cloak (worn)
 r - a +0 pair of gloves of infusion (worn)
Magical Staves
 o - a staff of fire
Jewellery
 l - a +6 ring of dexterity (left hand)
Scrolls
 c - 5 scrolls of identify {unknown}
 d - a scroll of vulnerability {unknown}
 f - a scroll of magic mapping {unknown}
 g - 3 scrolls of torment {unknown}
 p - a scroll of noise {unknown}
Potions
 b - 3 potions of degeneration {unknown}
 h - 2 potions of mutation {unknown}


   Skills:
 + Level 2.6 Dodging
 + Level 2.9 Stealth
 + Level 4.4 Spellcasting
 + Level 6.5 Conjurations


You had 9 spell levels left.
You knew the following spells:

 Your Spells              Type           Power      Damage    Failure   Level
a - Magic Dart            Conj           100%       1d8       1%          1
b - Searing Ray           Conj           76%        2d7       1%          2

Your spell library contained the following spells:

 Spells                   Type           Power      Damage    Failure   Level
 Dazzling Flash           Conj/Hex       42%        N/A       7%          3
 Fulminant Prism          Conj/Hex       10%        3d9       22%         4
 Iskenderun's Mystic Bla  Conj/Tloc      21%        2d6       22%         4
 Portal Projectile        Hex/Tloc       10%        N/A       26%         3
 Blade Hands              Tmut           2%         N/A       94%         5
 Excruciating Wounds      Necr           2%         N/A       94%         5


Dungeon Overview and Level Annotations

Branches:
Dungeon (4/15)
 Temple: D:4-7

Altars:
Zin

Annotations:
D:4 Blork the orc


Message History

There is a stone staircase leading up here.
There is a large open door here.
There is a large open door here.
You see here a +0 leather armour.
You see here a +0 leather armour.
There is a large open door here.
There is a large open door here.
There is a stone staircase leading up here.
There is a stone staircase leading down here.
There is an escape hatch in the floor here.
You slide downwards.
The hatch slams shut behind you.
Level annotation: Blork the orc
Casting: Searing Ray (safe; 1% risk of failure)
Confirm with . or Enter, or press ? or * to list all spells.
Aiming: Searing Ray (safe; 1% risk of failure)
Press: ? - help, Shift-Dir - straight line, f - orc wizard
Aim: an orc wizard, wielding a +0 dagger and wearing a +0 robe (76% to hit)
The searing ray hits the orc wizard.
The orc wizard is moderately wounded. (Press . to maintain the ray.)
The orc wizard gestures at you while chanting.
The puff of flame hits you. The orc wizard casts a spell at you.
You resist with some effort.
The orc priest calls down the wrath of Beogh upon you.
Beogh smites you!
The orc wizard casts a spell.
The orc wizard flickers and vanishes!
Deactivating autopickup; reactivate with Ctrl-A.
The orc priest calls down the wrath of Beogh upon you.
Beogh smites you!
* * * LOW HITPOINT WARNING * * *
The orc priest invokes the aid of Beogh against you.
You struggle to resist.
The orc wizard mumbles some strange words.
The orc wizard flickers and vanishes!
There is a stone staircase leading up here.
The orc priest calls down the wrath of Beogh upon you.
Beogh smites you!
You die...

### ##.##
##########.#.##
#...........#.# ##
#............####.
#..###..#.#.####..
#o.###..#.#..)....
#..#....#.######..
#@.#.##.#.# ##.
#.........# #.
#.##.##.### #.
#.......# #'
####.#### .o #.#
... #.# o... #.#
.oo.. #.. +.....


You could see an orc priest.

Vanquished Creatures
  Crazy Yiuf (D:2)
  Terence (D:2)
  6 adders
  2 dart slugs
  3 orcs
  4 bats
  4 endoplasms
  3 giant cockroaches (D:2)
  6 goblins
  5 hobgoblins
  4 kobolds
  4 quokkas
  7 ball pythons
  2 frilled lizards
  9 rats
61 creatures vanquished.

Vanquished Creatures (others)
  11 plants (D:4)
11 creatures vanquished.

Grand Total: 72 creatures vanquished

Notes
Turn   | Place    | Note
-------+----------+-------------------------------------------
     0 | D:1      | dranuc9 the Deep Elf Conjurer began the quest for the Orb.
     0 | D:1      | Reached XP level 1. HP: 10/10 MP: 6/6
   283 | D:1      | Reached XP level 2. HP: 15/15 MP: 4/8
   431 | D:1      | Reached skill level 5 in Conjurations
   914 | D:2      | Reached XP level 3. HP: 9/19 MP: 4/9
  1465 | D:2      | Found a runed translucent door.
  1466 | D:2      | Noticed Crazy Yiuf
  1878 | D:2      | Reached XP level 4. HP: 24/24 MP: 8/11
  1955 | D:2      | Found a glowing silver altar of Zin.
  2009 | D:2      | Noticed Terence
  2027 | D:2      | Learned a level 2 spell: Searing Ray
  2045 | D:2      | Killed Terence
  2046 | D:2      | Reached skill level 6 in Conjurations
  3176 | D:2      | Killed Crazy Yiuf
  3177 | D:2      | Reached XP level 5. HP: 28/28 MP: 6/13
  4026 | D:4      | Noticed Blork the orc
  4449 | D:4      | Killed from afar by an orc priest

Illustrated notes

Levels and vault maps discovered:
D:1:      lemuel_arrival_funnel, layout_basic, minivault_11
D:2:      layout_loops_cross, basic_altar, st_stairs_13,
          corexii_item_surrounded_by_moat, uniq_crazy_yiuf_cottage, uniq_terence
D:3:      layout_basic
D:4:      layout_loops_corners, minmay_temple_entry_mist, serial_bayou_lagoon_a,
          kennysheep_generic_room_4, uniq_blork_the_orc

Skill      XL: |  1  2  3  4 |
---------------+-------------+-----
Conjurations   | 5 6 |  6.5
Spellcasting   | 4 |  4.4
Dodging        | |  2.6
Stealth        | |  2.9

Action                   |  1- 3 |  4- 6 || total
-------------------------+-------+-------++-------
Melee: Quarterstaff      |       |     1 ||     1
Throw: Dart              |       |     1 ||     1
 Cast: Magic Dart        |    66 |    37 ||   103
       Searing Ray       |       |    10 ||    10
Dodge: Dodged            |     3 |     4 ||     7
